 Dungeon Crawl Stone Soup version 0.19-a0 (webtiles) character file.

9772 wvc the Basher (level 11, -13/87 HPs)
             Began as a Human Wanderer on Apr 27, 2016.
             Was a Priest of Okawaru.
             Mangled by a cyclops (27 damage)
             ... on level 11 of the Dungeon.
             The game lasted 00:24:37 (10214 turns).

wvc the Basher (Human Wanderer)                    Turns: 10214, Time: 00:24:38

Health: -13/87     AC: 12    Str: 12    XL:     11   Next: 80%
Magic:  12/12      EV:  9    Int: 10    God:    Okawaru [***...]
Gold:   487        SH:  0    Dex: 20    Spells: 0 memorised, 12 levels left

rFire  + . .     SeeInvis .     o - +7 mace "Weuqut" {vamp, +Fly rPois}
rCold  . . .     Gourm    .     u - +0 scale mail (curse)
rNeg   . . .     Faith    .     a - +0 shield
rPois  +         Spirit   .     (helmet restricted)
rElec  .         Dismiss  .     (no cloak)
rCorr  .         Reflect  .     C - +0 pair of gloves
SustAt .         Harm     .     z - +0 pair of boots
MR     .....                    (no amulet)
Stlth  ..........               e - ring of protection from fire
                                b - +3 ring of strength

@: confused, not resistant to hostile enchantments, extremely unstealthy
A: horns 1, large bone plates 1, molten scales 1, blurry vision 1, screaming 1,
weak 1
a: Heroism, Renounce Religion, Evoke Flight


You were on level 11 of the Dungeon.
You worshipped Okawaru.
Okawaru was most pleased with you.
You were not hungry.

You visited 2 branches of the dungeon, and saw 12 of its levels.
You also visited: Sewer.

You collected 778 gold pieces.
You spent 291 gold pieces at shops.

Inventory:

Hand Weapons
 j - a +3 short sword of flaming
 o - the +7 mace "Weuqut" (weapon) {vamp, +Fly rPois}
   (You found it on level 4 of the Dungeon)

   It inflicts no extra harm, but heals its wielder somewhat when it strikes a
   living foe.
   It protects you from poison.
   It lets you fly.
 x - the cursed +1 glaive of Lasialull {pain, rElec MR+++ Int+5 Dex-2, unknown}
   (You found it on level 10 of the Dungeon)

   In the hands of one skilled in necromantic magic, it inflicts extra damage on
   living creatures.
   It affects your intelligence (+5).
   It affects your dexterity (-2).
   It insulates you from electricity.
   It affects your resistance to hostile enchantments.
   It has a curse placed upon it.
Missiles
 l - 12 tomahawks (quivered)
Armour
 a - a +0 shield (worn)
 t - a +0 helmet
 u - a cursed +0 scale mail (worn)
 z - a +0 pair of boots (worn)
 C - a +0 pair of gloves (worn)
Jewellery
 b - a +3 ring of strength (left hand)
 d - an uncursed ring of ice
 e - a ring of protection from fire (right hand)
 g - an uncursed ring of stealth
 k - an uncursed ring of wizardry
 y - an uncursed ring of protection from fire
 G - an uncursed ring of sustain attributes
Wands
 p - a wand of polymorph (11/24)
 r - a wand of lightning (7/15)
 A - a wand of digging (12/24)
Scrolls
 v - 2 scrolls of magic mapping
 D - a scroll of enchant armour
 F - a scroll of teleportation
 H - 2 scrolls of identify
 I - a scroll of fear {unknown}
 J - a scroll of recharging
Potions
 c - a potion of lignification
 f - 8 potions of curing
 i - a potion of haste
 m - 3 potions of resistance
 n - a potion of agility
 q - a potion of brilliance
 s - a potion of cancellation
 B - 2 potions of ambrosia
Books
 E - a book of Minor Magic

   Spells                             Type                      Level
   a - Magic Dart                     Conjuration                  1
   b - Blink                          Translocation                2
   c - Call Imp                       Summoning                    2
   d - Repel Missiles                 Charms/Air                   2
   e - Slow                           Hexes                        2
   f - Conjure Flame                  Conjuration/Fire             3
   g - Mephitic Cloud                 Conjuration/Poison/Air       3
Comestibles
 h - 8 bread rations
 w - 2 meat rations
 K - a beef jerky


   Skills:
 + Level 8.3 Fighting
 - Level 6.7 Short Blades
 + Level 11.6 Maces & Flails
 + Level 3.8 Armour
 + Level 3.6 Dodging
 - Level 2.0 Stealth
 * Level 5.7 Shields
 - Level 1.0 Spellcasting
   Level 4.0 Earth Magic


You had 12 spell levels left.
You didn't know any spells.

Dungeon Overview and Level Annotations

Branches:
Dungeon (11/15)            Temple (1/1) D:7             Orc (0/2) D:10
   Lair: D:8-11

Altars:
Ashenzari
Cheibriados
Dithmenos
Elyvilon
Fedhas
Gozag
Kikubaaqudgha
Makhleb
Nemelex Xobeh
Okawaru
Pakellas
Qazlal
Ru
Sif Muna
Trog
Vehumet
Xom
Yredelemnul
Zin
The Shining One

Shops:
D:5 !   D:6 }   D:8 *


Innate Abilities, Weirdness & Mutations

You have a pair of small horns on your head.
You are partially covered in large bone plates (AC +2, SH +2).
You are partially covered in molten scales (AC +1).
Scrolls take you a little longer to read.
You occasionally shout uncontrollably at your foes.
You are weak. (Str -2)


Message History

You block something's attack.
The giant frog skeleton hits you but does no damage.
The crimson imp blinks!
You sock the cyclops!
The cyclops is severely wounded.
Something hits you!
* * * LOW HITPOINT WARNING * * *
The giant frog skeleton barely misses you.
You block the cyclops's attack.
Unknown command.
Read which item? (? for menu, Esc to quit)
Really read with blurry vision while enemies are nearby?
Okay, then.
Drink which item? (? for menu, Esc to quit)
You are confused.
You feel invigorated. Something hits you.
* * * LOW HITPOINT WARNING * * *
The giant frog skeleton hits you but does no damage.
The crimson imp blinks!
The cyclops hits you!!
You die...

#.#.#.#... #.
#.#.#...# #.
#.#.#.h.# #.
#.#.....#.#
###.#####.#.......#
.................#
#.#####.#.#.##..#
#..Z)...........#
#.@####.#.#.##. #
#C§# #.#.#.# # #..#
#.#.#.. #§.# #.#.#
# .... #.#.# .....
... ....# .. ###..#


You could see a cyclops and a giant frog skeleton.

Vanquished Creatures
  The ghost of Zhenya25pyc the Basher, a novice GrFi of Okawaru (D:9)
  Pikel (D:5)
  2 hill giants
  The ghost of nubinia the Magician, a novice HuWz of Sif Muna (D:5)
  A troll (D:11)
  2 two-headed ogres
  Sigmund (D:3)
  A spriggan (D:7)
  A hill giant zombie (D:10)
  Grum (D:9)
  A wyvern (D:9)
  4 yaks
  2 hungry ghosts
  A steam dragon (D:7)
  2 insubstantial wisps (D:7)
  The ghost of Mefis the Magician, an amateur DEWz (Sewer)
  5 sky beasts
  4 orc warriors
  2 ice beasts
  5 black bears
  A slave (D:5)
  5 phantoms
  3 ogres
  4 wolves (D:9)
  Blork the orc (D:4)
  A big kobold (D:8)
  8 giant frogs
  2 scorpions
  6 killer bees (D:7)
  6 crimson imps
  A quasit (D:8)
  5 hounds
  A jelly (D:9)
  2 giant frog zombies
  5 orc priests
  13 orc wizards
  A giant frog skeleton (D:4)
  3 worker ants
  A killer bee zombie (D:9)
  6 ogre zombies (D:10)
  A hound zombie (D:6)
  A hound skeleton (D:8)
  9 adders
  An ooze (D:5)
  An adder skeleton (D:5)
  2 adder zombies
  3 worms
  2 dart slugs
  9 giant geckos
  24 orcs
  2 ball pythons (Sewer)
  15 giant cockroaches
  10 goblins
  3 hobgoblins
  14 jackals
  17 kobolds
  10 quokkas
  9 bats
  A giant gecko skeleton (D:6)
  A giant gecko zombie (D:7)
  11 giant newts
  2 goblin skeletons (D:10)
  3 goblin zombies (D:10)
  A hobgoblin skeleton (D:10)
  A hobgoblin zombie (D:10)
  A jackal skeleton (D:7)
  2 orc skeletons (D:10)
  16 orc zombies (D:10)
  2 quokka skeletons
  7 rats
295 creatures vanquished.

Vanquished Creatures (others)
  A boulder beetle (D:8)
  A bush (D:8)
2 creatures vanquished.

Grand Total: 297 creatures vanquished

Notes
Turn   | Place    | Note
--------------------------------------------------------------
     0 | D:1      | wvc the Human Wanderer began the quest for the Orb.
     0 | D:1      | wvc set off with: a +2 short sword, the Collected Works on Stones, a potion of lignification, a +0 robe, a +0 dagger, a bread ration
     0 | D:1      | Reached XP level 1. HP: 16/16 MP: 2/2
     0 | D:1      | Identified the Collected Works on Stones
    17 | D:1      | Karasique: БУРАТИШКА
   197 | D:1      | Reached XP level 2. HP: 22/22 MP: 3/3
   232 | D:1      | Reached skill level 1 in Dodging
   531 | D:1      | Reached XP level 3. HP: 27/27 MP: 4/4
  1040 | D:2      | Reached XP level 4. HP: 30/33 MP: 5/5
  1618 | D:3      | Reached skill level 1 in Armour
  1618 | D:3      | Reached XP level 5. HP: 25/38 MP: 6/6
  2141 | D:3      | Noticed a hungry ghost
  2169 | D:3      | Killed a hungry ghost
  2169 | D:3      | Reached skill level 5 in Short Blades
  2169 | D:3      | Reached XP level 6. HP: 39/44 MP: 7/7
  2238 | D:3      | Noticed Sigmund
  2252 | D:3      | Killed Sigmund
  2252 | D:3      | Reached XP level 7. HP: 30/50 MP: 8/8
  2805 | D:4      | Got a smoking mace
  2807 | D:4      | Identified the +7 mace "Weuqut" {vamp, +Fly rPois} (You found it on level 4 of the Dungeon)
  2873 | D:4      | Karasique: лел
  2887 | D:4      | Karasique: возьми лучше дубину
  2893 | D:4      | Karasique: ты что
  2915 | D:4      | wvc: в дубины перекачиваться что-ли?
  2915 | D:4      | Karasique: да
  2937 | D:4      | Karasique: ебать ну это такие копейки
  2945 | D:4      | Karasique: на 6 вкачано
  2973 | D:4      | Karasique: тут и рпойз для лейра и бренд получше
  3061 | D:4      | Noticed Blork the orc
  3073 | D:4      | Killed Blork the orc
  3073 | D:4      | Reached skill level 1 in Maces & Flails
  3235 | D:4      | Reached skill level 3 in Maces & Flails
  3461 | D:5      | Entered Level 5 of the Dungeon
  3464 | D:5      | Reached XP level 8. HP: 51/56 MP: 9/9
  3478 | D:5      | Found Neemm's Distillery.
  3486 | D:5      | Bought a potion of agility for 48 gold pieces
  3486 | D:5      | Bought a potion of berserk rage for 60 gold pieces
  3486 | D:5      | Bought a potion of curing for 36 gold pieces
  3486 | D:5      | Karasique: куры купи
  3486 | D:5      | Bought a potion of curing for 36 gold pieces
  3486 | D:5      | Bought a potion of curing for 36 gold pieces
  3508 | D:5      | Reached skill level 4 in Maces & Flails
  3728 | D:5      | Reached skill level 5 in Maces & Flails
  3967 | D:5      | Noticed nubinia's ghost (novice HuWz)
  3985 | D:5      | Killed nubinia's ghost
  3985 | D:5      | Reached skill level 6 in Maces & Flails
  4074 | D:5      | Noticed Pikel
  4107 | D:5      | Killed Pikel
  4107 | D:5      | Reached skill level 8 in Maces & Flails
  4107 | D:5      | Reached XP level 9. HP: 19/61 MP: 10/10
  4529 | D:6      | Reached skill level 9 in Maces & Flails
  4773 | D:6      | Karasique: сверху
  4780 | D:6      | Karasique: где вода
  4785 | D:6      | Karasique: на карту глянь
  4885 | D:6      | Found a glowing drain.
  4889 | Sewer    | Entered a sewer
  4963 | Sewer    | Noticed Mefis's ghost (amateur DEWz)
  4974 | Sewer    | Killed Mefis's ghost
  5093 | Sewer    | Karasique: ты хоть спеллы смотри перед тем как хаст пить
  5105 | Sewer    | Karasique: может у него там 1 маджик дарт был и все
  5161 | Sewer    | Karasique: ебать еще и рандарт арбалеста
  5163 | Sewer    | Got a steaming arbalest
  5171 | D:6      | Identified the cursed +0 arbalest of Emoaca {venom, rPois Int+3 Dex-2} (You found it in a sewer)
  5307 | D:6      | Found Tegus's Gadget Shoppe.
  5596 | D:7      | Reached skill level 10 in Maces & Flails
  5888 | D:7      | Karasique: ты файтинг качаешь?
  5898 | D:7      | Karasique: лел
  5898 | D:7      | Reached XP level 10. HP: 46/67 MP: 11/11
  6034 | D:7      | Karasique: да хватит пока мейсы качать
  6052 | D:7      | Karasique: больше выгоды файтинг на 10 поднять
  6065 | D:7      | Karasique: чем мейсы с 10 до 14
  6067 | D:7      | Gained mutation: You have a pair of small horns on your head. [mutagenic meat]
  6068 | D:7      | Gained mutation: You occasionally shout uncontrollably at your foes. [mutagenic meat]
  6069 | D:7      | Gained mutation: You are weak. (Str -2) [mutagenic meat]
  6070 | D:7      | Gained mutation: Scrolls take you a little longer to read. [mutagenic meat]
  6350 | D:7      | Gained mutation: You are partially covered in large bone plates (AC +2, SH +2). [mutagenic meat]
  6351 | D:7      | Lost mutation: You have a pair of small horns on your head. [mutagenic meat]
  6352 | D:7      | Gained mutation: You are agile. (Dex +2) [mutagenic meat]
  6353 | D:7      | Gained mutation: You are partially covered in molten scales (AC +1). [mutagenic meat]
  6858 | D:7      | Found a staircase to the Ecumenical Temple.
  6877 | Temple   | Entered the Ecumenical Temple
  6920 | Temple   | Became a worshipper of Warmaster Okawaru
  6971 | D:7      | Reached skill level 5 in Fighting
  7601 | D:8      | Found Daseocsata's General Store.
  7605 | D:8      | Bought a potion of heal wounds for 75 gold pieces
  7664 | D:8      | Reached * piety under Okawaru
  7953 | D:8      | Found an oddly glowing altar of Pakellas.
  8225 | D:8      | Found a sparkling altar of Nemelex Xobeh.
  8226 | D:8      | Found an opulent altar of Gozag.
  8254 | D:9      | Reached skill level 1 in Shields
  8372 | D:9      | Reached skill level 11 in Maces & Flails
  8597 | D:9      | Noticed Zhenya25pyc's ghost (novice GrFi)
  8644 | D:9      | Killed Zhenya25pyc's ghost
  8644 | D:9      | Reached XP level 11. HP: 74/86 MP: 9/12
  8803 | D:9      | Reached ** piety under Okawaru
  8957 | D:9      | Noticed Grum
  8958 | D:9      | Found an opulent altar of Gozag.
  8990 | D:9      | Killed Grum
  8999 | D:9      | Lost mutation: You are agile. (Dex +2) [mutagenic meat]
  9003 | D:9      | Gained mutation: You have a pair of small horns on your head. [mutagenic meat]
  9367 | D:10     | Entered Level 10 of the Dungeon
  9367 | D:10     | Noticed a hill giant
  9389 | D:9      | Killed a hill giant
  9389 | D:9      | Reached *** piety under Okawaru
  9465 | D:10     | Reached skill level 5 in Shields
  9542 | D:10     | Karasique: инвоки качни штоле
  9710 | D:10     | wvc: пока неактуально же
  9746 | D:10     | Karasique: тут недавно меняли коковару
  9768 | D:10     | Karasique: ты видел как мало героизм висел
  9794 | D:10     | Karasique: теперь длина зависит от инвоков
  9865 | D:10     | Got a shimmering glaive
  9910 | D:10     | Found a staircase to the Orcish Mines.
 10118 | D:10     | Noticed a hill giant
 10131 | D:10     | Killed a hill giant
 10206 | D:11     | Noticed a cyclops
 10214 | D:11     | Mangled by a cyclops

Vault maps used:
D:1:      minmay_arrival_arboretum_small
D:2:      serial_park_tiny_pond
D:3:      uniq_sigmund
D:4:      uniq_blork_the_orc
D:5:      serial_shops, shop, first_bread, uniq_pikel
D:6:      serial_shops, shop, gup_sewer_entry_spiral
D:7:      minmay_temple_entry_overgrown, the_bakery, hangedman_misty_isle
D:8:      grunt_temple_overflow_opulence, serial_shops, shop,
          gammafunk_pakellas_spire_experiment
D:9:      grunt_gozag_statues, uniq_grum
D:10:     zombieorc2_lemuel
D:11:     lair_0_dummy
Temple:   kilobyte_greek_temple_18
Sewer:    sewer_frog_island_01

Skill      XL: |  1  2  3  4  5  6  7  8  9 10 11 |
---------------+----------------------------------+-----
Dodging        | 1 2 3 |  3.6
Short Blades   | 2 3 5 6 |  6.7
Armour         | 1 2 3 |  3.8
Maces & Flails | 3 8 10 11 | 11.6
Fighting       | 7 8 |  8.3
Shields        | 2 5 |  5.7
Stealth        | |  2.0
Spellcasting   | |  1.0
Earth Magic    | |  4.0

Action                   |  1- 3 |  4- 6 |  7- 9 | 10-12 || total
-------------------------+-------+-------+-------+-------++-------
Melee: Short sword       |    91 |    87 |    36 |       ||   214
       Mace              |       |       |   313 |   651 ||   964
       Headbutt          |       |       |       |    65 ||    65
Invok: Heroism           |       |       |       |     3 ||     3
 Abil: Evoke Flight      |       |       |       |     1 ||     1
  Use: Scroll            |       |     7 |    10 |     8 ||    25
       Potion            |       |       |     3 |     2 ||     5
 Stab: Sleeping          |     8 |     7 |     7 |       ||    22
  Eat: Chunk             |       |     5 |     3 |    28 ||    36
       Beef jerky        |       |     1 |       |     1 ||     2
       Bread ration      |       |     1 |       |       ||     1
       Fruit             |       |       |    11 |       ||    11
       Meat ration       |       |       |     1 |     1 ||     2
Armor: Robe              |     3 |       |       |       ||     3
       Ring mail         |    12 |    42 |   140 |    29 ||   223
       Scale mail        |       |       |       |   216 ||   216
Dodge: Dodged            |    52 |    45 |   124 |   156 ||   377
Block: Shield            |       |       |   119 |   288 ||   407
